 Dungeon Crawl Stone Soup version 0.26-a0-1058-g8dc6ce00ff (webtiles) character file.

Game seed: 13616501171723873001

1822 Froggeryz the Martial Artist (level 8, -2/46 HPs)
             Began as a Vampire Gladiator on Dec 13, 2020.
             Was a Follower of Okawaru.
             Slain by an orc warrior
             ... wielding a +0 halberd
              (19 damage)
             ... on level 8 of the Dungeon.
             The game lasted 00:11:30 (6193 turns).

Froggeryz the Martial Artist (Vampire Gladiator)    Turns: 6193, Time: 00:11:30

Health: -2/46      AC: 10    Str: 15    XL:     8   Next: 85%
Magic:  8/8        EV: 11    Int: 10    God:    Okawaru [*.....]
Gold:   368        SH:  0    Dex: 16    Spells: 7/7 levels left

rFire    . . .     SeeInvis +     - Unarmed
rCold    + + .     Faith    .   (no shield)
rNeg     + + +     Spirit   .   z - +0 scale mail
rPois    ∞         Reflect  .   f - +2 helmet
rElec    .         Harm     .   C - +0 cloak
rCorr    .         Rampage  .   (no gloves)
Will     .....                  (no boots)
Stlth    ++........             (no amulet)
HPRegen  0.00/turn              (no ring)
MPRegen  0.11/turn              (no ring)

@: bloodless
A: fangs 3, see invisible, unbreathing
a: Bat Form, Revivify, Heroism, Renounce Religion


You were on level 8 of the Dungeon.
You worshipped Okawaru.
Okawaru was aware of your devotion.
You visited 2 branches of the dungeon, and saw 9 of its levels.

You collected 368 gold pieces.

Inventory:

Missiles
 c - 4 throwing nets
 e - 29 poisoned darts (quivered)
 B - 3 curare-tipped darts
Armour
 f - a +2 helmet (worn)
 z - a +0 scale mail (worn)
 C - a +0 cloak (worn)
Wands
 l - a wand of iceblast (6)
 q - a wand of digging (3)
 s - a wand of flame (21)
 t - a wand of enslavement (23)
Scrolls
 d - a scroll of enchant armour
 h - 11 scrolls of identify
 i - 2 scrolls of immolation
 j - a scroll of magic mapping {unknown}
 o - 2 scrolls of remove curse {unknown}
 p - a scroll of blinking {unknown}
 u - 3 scrolls of teleportation
 v - a scroll of random uselessness {unknown}
 x - 2 scrolls of fear {unknown}
 y - a scroll of fog {unknown}
Potions
 a - a potion of haste {unknown}
 b - a potion of might {unknown}
 g - 4 potions of heal wounds {unknown}
 k - 2 potions of curing {unknown}
 m - 4 potions of attraction {unknown}
 n - a potion of cancellation {unknown}
 r - 2 potions of degeneration {unknown}
 w - a potion of lignification {unknown}
 A - a potion of invisibility {unknown}


   Skills:
 + Level 3.2 Fighting
 - Level 1.5 Throwing
 - Level 3.2 Dodging
 * Level 12.2 Unarmed Combat


You had 7 spell levels left.
You didn't know any spells.
Your spell library contained the following spells:

 Spells                   Type           Power        Failure   Level
 Beastly Appendage        Tmut           #.....       85%         1
 Wereblood                Tmut           #.......     94%         2
 Spider Form              Tmut/Pois      #.........   99%         3
 Ice Form                 Ice/Tmut       #.......     100%        4
 Blade Hands              Tmut           #.........   100%        5


Dungeon Overview and Level Annotations

Branches:
Dungeon (8/15)             Temple (1/1) D:4
   Lair: D:8-11

Altars:
Ashenzari
Cheibriados
Dithmenos
Elyvilon
Fedhas
Gozag
Hepliaklqana
Kikubaaqudgha
Makhleb
Nemelex Xobeh
Okawaru
Qazlal
Ru
Sif Muna
Trog
Uskayaw
Vehumet
Wu Jian
Xom
Yredelemnul
Zin
The Shining One


Innate Abilities, Weirdness & Mutations

You do not regenerate when monsters are visible.
You are frail without blood (-20% HP).
You can heal yourself when you bite living creatures.
You are immune to poison.
You have razor-sharp teeth.
You have supernaturally acute eyesight. (SInv)
You can survive without breathing.


Message History

You closely miss the wight.
The wight is severely damaged.
The orc warrior closely misses you.
The wight hits you with a cursed +0 falchion.
You punch the wight!
You destroy the wight!
Okawaru accepts your kill.
The orc warrior hits you with a +0 halberd!!
The wight hits you but does no damage.
Things that are here:
a cursed +0 falchion; a +0 robe You are too injured to fight recklessly!
You are too injured to fight recklessly!
You hit the orc warrior but do no damage.
You punch the orc warrior.
You bite the orc warrior, but do no damage.
The orc warrior is lightly wounded.
A quasit comes into view.
The orc warrior hits you with a +0 halberd!!
You die...

#. #.# # #.# # #.
#.# #.#.. #.#
.....# #.# #5....#
#.###### ##
.....oo#####......#
#.
.....zzo@....####.#
#. .....oz#####)#
#.# #. #.....# #.#
#.# #. ##...# #.#
#.######. #..# #.#
#<....... #.. #.#
######### #. #.# #
#.#


You could see an orc warrior, 3 wights, an orc priest, a quasit and 2 orcs.

Vanquished Creatures
  3 phantoms
  A sky beast (D:7)
  A centaur (D:7)
  6 ogres
  4 bullfrogs
  A scorpion (D:7)
  A wight (D:8)
  A hound (D:4)
  A jelly (D:4)
  A centaur skeleton (D:7)
  An orc wizard (D:6)
  Jessica (D:2)
  6 worker ants
  A hound zombie (D:6)
  3 gnolls (D:4)
  A howler monkey skeleton (D:6)
  5 adders
  A shadow imp (D:5)
  2 white imps
  An ufetubus (D:8)
  2 adder skeletons
  2 worms (D:2)
  2 dart slugs
  2 leopard geckos (D:2)
  14 orcs
  5 bats
  5 giant cockroaches
  7 goblins (D:1)
  6 hobgoblins
  12 jackals
  3 quokkas
  A jackal skeleton (D:4)
  A jackal zombie (D:5)
  9 kobolds
  A leopard gecko skeleton (D:5)
  A quokka skeleton (D:6)
  9 rats
124 creatures vanquished.

Notes
Turn   | Place    | Note
-------+----------+-------------------------------------------
     0 | D:1      | Froggeryz the Vampire Gladiator began the quest for the
                  | Orb.
     0 | D:1      | Reached XP level 1. HP: 16/16 MP: 1/1
   308 | D:1      | Reached XP level 2. HP: 17/17 MP: 2/2
   488 | D:1      | Reached skill level 4 in Unarmed Combat
   788 | D:2      | Noticed an ogre
   789 | D:2      | Noticed Jessica
   805 | D:1      | Reached XP level 3. HP: 24/24 MP: 3/3
  1088 | D:2      | Killed Jessica
  1089 | D:2      | Reached skill level 5 in Unarmed Combat
  1089 | D:2      | Reached XP level 4. HP: 30/30 MP: 4/4
  1125 | D:2      | Killed an ogre
  1126 | D:2      | Reached XP level 5. HP: 11/36 MP: 5/5
  1717 | D:3      | Reached skill level 6 in Unarmed Combat
  1835 | D:3      | Reached XP level 6. HP: 43/47 MP: 6/6
  2085 | D:4      | Reached skill level 7 in Unarmed Combat
  2226 | D:4      | Reached skill level 8 in Unarmed Combat
  2264 | D:4      | Reached XP level 7. HP: 37/52 MP: 7/7
  2345 | D:4      | Found a staircase to the Ecumenical Temple.
  2369 | Temple   | Entered the Ecumenical Temple
  2649 | Temple   | Became a worshipper of Warmaster Okawaru
  2846 | D:4      | Found an opulent altar of Gozag.
  3549 | D:5      | Entered Level 5 of the Dungeon
  3616 | D:5      | Reached skill level 9 in Unarmed Combat
  4522 | D:6      | Reached skill level 10 in Unarmed Combat
  4606 | D:6      | Reached XP level 8. HP: 58/58 MP: 8/8
  4638 | D:6      | Found a glowing silver altar of Zin.
  4935 | D:6      | Reached * piety under Okawaru
  5128 | D:7      | Reached skill level 11 in Unarmed Combat
  6000 | D:7      | Reached skill level 12 in Unarmed Combat
  6193 | D:8      | Slain by an orc warrior

Illustrated notes

Levels and vault maps discovered:
D:1:      tarquinn_simple_flora_water_c, layout_basic
D:2:      layout_rooms, minmay_fountain_box, uniq_jessica
D:3:      layout_basic
D:4:      layout_loops_corners, minmay_temple_entry_tees,
          minmay_tree_intersection, nicolae_gozag_seed_capital
D:5:      layout_loops_corners
D:6:      layout_cave_pods, lemuel_coloured_pillars_altar
D:7:      layout_loops_corners, nrook_uturn
D:8:      layout_loops_ring, makhleb_altar_promises_db, uniq_grum, uniq_erica
Temple:   roderic_octagonal_lattice_temple

Skill      XL: |  1  2  3  4  5  6  7  8 |
---------------+-------------------------+-----
Fighting       | 2 3 |  3.2
Unarmed Combat | 4 5 6 8 10 12 | 12.2
Throwing       | |  1.5
Dodging        | |  3.2

Action                   |  1- 3 |  4- 6 |  7- 9 || total
-------------------------+-------+-------+-------++-------
Melee: Unarmed           |   126 |   111 |   192 ||   429
       Bite              |    11 |     8 |    16 ||    35
       Punch             |     3 |     2 |    16 ||    21
Throw: Dart              |       |    10 |    17 ||    27
       Throwing net      |       |     1 |       ||     1
 Abil: Exsanguinate      |     1 |       |     1 ||     2
       Revivify          |     1 |       |       ||     1
Evoke: Wand              |       |       |     2 ||     2
  Use: Scroll            |       |     4 |       ||     4
 Stab: Sleeping          |       |       |     4 ||     4
Armor: Leather armour    |    42 |    34 |     4 ||    80
       Scale mail        |       |       |    52 ||    52
Dodge: Dodged            |    95 |    71 |    84 ||   250

Table legend: (Time is in decaauts)
 A = Elapsed time spent in this place.
 B = Non-inter-level travel time spent in this place.
 C = Inter-level travel time spent in this place.
 D = Time resting spent in this place.
 E = Time spent auto-exploring this place.
 F = Levels seen in this place.
 G = Mean time per level.
                   A        B        C        D        E       F      G
               +--------+--------+--------+--------+--------+-----+--------+
         Total |   6137 |   5817 |    320 |    543 |   4223 |   9 |  681.9 |
       Dungeon |   5835 |   5575 |    260 |    543 |   3984 |   8 |  729.4 |
        Temple |    301 |    241 |     60 |      0 |    239 |   1 |  301.0 |
               +--------+--------+--------+--------+--------+-----+--------+

Top non-repeatable levels by time:
     D:4: 1174 daAuts
     D:7: 1055 daAuts
     D:1: 896 daAuts
     D:5: 773 daAuts
     D:6: 734 daAuts
     D:2: 607 daAuts
     D:3: 548 daAuts
  Temple: 301 daAuts
     D:8: 45 daAuts
